 Dungeon Sprint DCSS version 0.26-a0-651-gb41185065b (webtiles) character file.

Game seed: 1777222356932600171

104 Apogee the Gusty (level 4, -27/33 HPs)
             Began as a Draconian Air Elementalist on Oct 5, 2020.
             Was an Initiate of Sif Muna.
             Killed from afar by a deep elf knight (32 damage)
             ... with a shard of ice
             ... in the Dungeon (Sprint V: "Ziggurat Sprint").
             The game lasted 00:02:34 (222 turns).

Apogee the Gusty (Draconian Air Elementalist)        Turns: 222, Time: 00:02:35

Health: -27/33     AC:  5    Str: 11    XL:     4   Next: 52%
Magic:  18/18      EV: 12    Int: 34    God:    Sif Muna [......]
Gold:   0          SH:  0    Dex: 11    Spells: 14/15 levels left

rFire    . . .     SeeInvis .   z - +6 Majin-Bo {vamp, MP+6 Int+6}
rCold    . . .     Faith    .   (shield currently unavailable)
rNeg     . . .     Spirit   .   (armour unavailable)
rPois    .         Reflect  .   (helmet restricted)
rElec    .         Harm     .   (no cloak)
rCorr    .         Rampage  .   (no gloves)
MR       .....     NoTele   +   (no boots)
Stlth    ++........             (no amulet)
HPRegen  0.11/turn              w - +6 ring of intelligence
MPRegen  0.16/turn              y - +6 ring of intelligence

@: slowed, very slow
A: unfitting armour, cold-blooded, AC +5
a: Renounce Religion


You were in the Dungeon.
You worshipped Sif Muna.
Sif Muna was noncommittal.
You visited 1 branch

Inventory:

Hand Weapons
 u - a +5 quick blade
   (You found it in the Dungeon)
 z - the +6 Majin-Bo (weapon) {vamp, MP+6 Int+6}
   (You found it in the Dungeon)

   It inflicts no extra harm, but heals its wielder when it wounds a living foe.
   It affects your intelligence (+6).
   It affects your magic capacity (+6).
 A - the +9 heavy crossbow "Sniper" {vorpal, Acc+∞ SInv}
   (You found it in the Dungeon)

   Any bolt fired from it inflicts extra damage.
   It lets you see invisible.
Armour
 v - a +3 buckler
   (You found it in the Dungeon)
Jewellery
 w - a +6 ring of intelligence (left hand)
   (You found it in the Dungeon)
 y - a +6 ring of intelligence (right hand)
   (You found it in the Dungeon)
Wands
 c - a wand of disintegration (7)
   (You found it in the Dungeon)
 d - a wand of iceblast (4)
   (You found it in the Dungeon)
 x - a wand of acid (7)
   (You found it in the Dungeon)
Scrolls
 g - 4 scrolls of blinking
 m - 4 scrolls of amnesia
 n - 7 scrolls of fog
 o - 5 scrolls of identify {@r1}
 p - 5 scrolls of remove curse {@r2}
 q - 2 scrolls of fear
Potions
 a - 2 potions of brilliance
 b - 10 potions of curing {@q1}
 e - 7 potions of magic
 f - 3 potions of berserk rage
 h - 2 potions of invisibility
 i - 4 potions of resistance
 k - 5 potions of stabbing
 l - 5 potions of might
 s - 10 potions of heal wounds {@q2}
 t - 6 potions of haste {@q3}
Miscellaneous
 j - a lightning rod (4/4) {!a}
   (You found it in the Dungeon)


   Skills:
 - Level 1.7 Dodging
 - Level 1.7 Stealth
 - Level 4.0 Shields
 + Level 6.4 Spellcasting
 - Level 1.0 Conjurations
 + Level 7.3 Air Magic


You had 14 spell levels left.
You knew the following spells:

 Your Spells              Type           Power        Failure   Level
a - Shock                 Conj/Air       ####         1%          1

Your spell library contained the following spells:

 Spells                   Type           Power        Failure   Level
 Swiftness                Air            ######..     1%          2
 Static Discharge         Conj/Air       #####...     1%          3
 Airstrike                Air            ######....   1%          4
 Lightning Bolt           Conj/Air       #####.....   19%         5


Dungeon Overview and Level Annotations

Branches:
Dungeon (1/1)

Altars:
Ashenzari
Cheibriados
Dithmenos
Elyvilon
Fedhas
Gozag
Hepliaklqana
Kikubaaqudgha
Makhleb
Nemelex Xobeh
Okawaru
Qazlal
Ru
Sif Muna
Trog
Uskayaw
Vehumet
Wu Jian
Xom
Yredelemnul
Zin
The Shining One
Beogh
Jiyva
Lugonu

Annotations:
D 1 transporter


Innate Abilities, Weirdness & Mutations

Your plain brown scales are hard. (AC +5)
You cannot fit into any form of body armour.
You are cold-blooded and may be slowed by cold attacks.


Message History

Increase (S)trength, (I)ntelligence, or (D)exterity?
You feel clever.
Your scales feel tougher.
The iceblast engulfs the scorpion!
You kill the scorpion!
Sif Muna accepts your kill.
Your Spellcasting skill increases to level 6!
Your Air Magic skill increases to level 7!
You have reached level 4!
You feel stronger. The iceblast engulfs you!
Okay, then.
You start resting.
You see here a scorpion corpse.
You see here a lightning rod (4/4) {!a}.
j - a lightning rod (4/4) {!a}
There is a transporter here.
Drop what? 28/52 slots (_ for help) (? for menu, Esc to quit)
You drop an uncursed ring of flight.
You drop the +18 shield of the Gong {rElec rN+ MR+ EV-5}.
You start resting.
Welcome to arena 2.
You enter the transporter and appear at another place.
A deep elf knight, a deep elf mage and a deep elf archer come into view.
The deep elf knight is wielding a +2 short sword of speed.
The deep elf mage is wielding a +2 rapier of protection.
The deep elf archer shouts!
The deep elf knight shouts!
The deep elf archer casts a spell at you.
You feel yourself slow down.
The deep elf mage shouts!
Found three items.
That's the wrong kind of item! (Use * to select it.)
You don't have any such object.
You don't have any such object.
Okay, then.
Unknown command.
Unknown command.
Aim: a deep elf archer, wielding a +0 short sword, wearing a +0 leather armour and quivering 15 arrows (repelling missiles)
Okay, then.
Okay, then.
The mass of ice explodes!
The iceblast engulfs the deep elf knight!
The iceblast engulfs the deep elf archer!
The deep elf archer unwields a +0 short sword.
The deep elf archer wields a +0 shortbow.
The deep elf archer shoots an arrow.
The arrow hits you!!
Ouch! That really hurt!
* * * LOW HITPOINT WARNING * * *
The deep elf knight points at you and mumbles some strange words.
The shard of ice hits you!!
Ouch! That really hurt!
You die...

▓▓▓▓▓▓▓▓▓▓▓▓▓
▓.8©8.▓.8©8.▓
▓.ee|.▓.....▓
▓.....▓.|...▓
▓.e...▓.....▓
▓.....▓..†..▓
▓.....▓..©..▓
▓..@..▓▓▓▓▓▓▓
▓▓▓▓▓▓▓


You could see a deep elf archer (repels missiles), a deep elf knight and a deep
elf mage.

Vanquished Creatures
  2 scorpions (D)
2 creatures vanquished.

Notes
Turn   | Place    | Note
-------+----------+-------------------------------------------
     0 | D        | Apogee the Draconian Air Elementalist began the quest for
                  | the Orb.
     0 | D        | Reached XP level 1. HP: 14/14 MP: 3/3
     0 | D        | Found a shimmering blue altar of Sif Muna.
     0 | D        | Found a sacrificial altar of Ru.
     0 | D        | Found a bloodstained altar of Trog.
     0 | D        | Found a stormy altar of Qazlal.
     0 | D        | Found an iron altar of Okawaru.
     0 | D        | Found a sparkling altar of Nemelex Xobeh.
     0 | D        | Found a blossoming altar of Fedhas.
     1 | D        | Found the +6 Majin-Bo {vamp, MP+6 Int+6}
     1 | D        | Found the +9 heavy crossbow "Sniper" {vorpal, Acc+∞ SInv}
     1 | D        | Found the +10 dark maul {vorpal}
     1 | D        | Found the +15 Maxwell's patent armour {-Cast -Tele rElec
                  | MR+ rCorr}
     1 | D        | Found the +18 shield of the Gong {rElec rN+ MR+ EV-5}
     1 | D        | Found the cursed +14 obsidian axe {vorpal, +Fly SInv
                  | *Curse}
     1 | D        | Found the +7 great mace "Firestarter" {inner flame, rF++}
     1 | D        | Found the +6 shillelagh "Devastator" {shatter}
     1 | D        | Found the +11 plutonium sword {*Contam Stlth-}
     1 | D        | Found the +8 lance "Wyrmbane" {slay drac, rPois rF+ rC+
                  | AC+3}
     1 | D        | Found the +9 sword of Zonguldrok {reap}
     1 | D        | Found the cursed +13 scythe of Curses {drain, *Curse}
     1 | D        | Found the +0 sword of Power
     1 | D        | Found the +7 mace of Variability {chain chaos}
     1 | D        | Found the +7 Singing Sword {vorpal, sonic wave}
     1 | D        | Found the +8 storm bow {elec, penet}
     2 | D        | Found a transporter.
     2 | D        | Found an ancient bone altar of Kikubaaqudgha.
     2 | D        | Found a viscous altar of Jiyva.
     2 | D        | Found a corrupted altar of Lugonu.
     2 | D        | Found a hazy altar of Hepliaklqana.
     2 | D        | Found a burning altar of Makhleb.
     2 | D        | Found an opulent altar of Gozag.
    42 | D        | Became a worshipper of Sif Muna the Loreminder
   133 | D        | Reached skill level 5 in Air Magic
   133 | D        | Reached XP level 2. HP: 20/20 MP: 7/7
   156 | D        | Entered arena 2.
   156 | D        | Noticed a scorpion
   156 | D        | Noticed a scorpion
   156 | D        | Found a transporter.
   158 | D        | Killed a scorpion
   158 | D        | Reached skill level 5 in Spellcasting
   158 | D        | Reached skill level 6 in Air Magic
   158 | D        | Reached XP level 3. HP: 26/26 MP: 9/9
   158 | D        | Killed a scorpion
   158 | D        | Reached skill level 7 in Air Magic
   158 | D        | Reached XP level 4. HP: 33/33 MP: 12/12
   221 | D        | Entered arena 3.
   221 | D        | Noticed a deep elf knight
   221 | D        | Noticed a deep elf archer
   221 | D        | Noticed a deep elf mage
   221 | D        | Found a transporter.
   222 | D        | Killed from afar by a deep elf knight

Illustrated notes

Levels and vault maps discovered:
D:        sprint_v [room_start, room_1, room_2, room_3, room_4, room_5, room_6,
          room_7, room_8, room_9, room_10, room_11, room_12, room_13, room_14,
          room_15, room_16, room_17, room_18, room_19, room_20, room_21,
          room_22, room_23, room_24, room_25, room_26, room_27]

Skill      XL: |  1  2  3 |
---------------+----------+-----
Shields        | 4 |  4.0
Spellcasting   | 4 5 6 |  6.4
Air Magic      | 5 6 7 |  7.3
Dodging        | |  1.7
Stealth        | |  1.7
Conjurations   | |  1.0

Action                   |  1- 3 |  4- 6 || total
-------------------------+-------+-------++-------
Evoke: Wand              |     1 |     2 ||     3
  Use: Potion            |     1 |       ||     1

Table legend: (Time is in decaauts)
 A = Elapsed time spent in this place.
 B = Non-inter-level travel time spent in this place.
 C = Inter-level travel time spent in this place.
 D = Time resting spent in this place.
 E = Time spent auto-exploring this place.
 F = Levels seen in this place.
 G = Mean time per level.
                   A        B        C        D        E       F      G
               +--------+--------+--------+--------+--------+-----+--------+
         Total |    220 |    220 |      0 |    124 |     12 |   1 |  220.0 |
       Dungeon |    220 |    220 |      0 |    124 |     12 |   1 |  220.0 |
               +--------+--------+--------+--------+--------+-----+--------+

Top non-repeatable levels by time:
       D: 220 daAuts
